 Dungeon Crawl Stone Soup version 0.22-a0-553-g9358b0b (webtiles) character file.

52780 Klosterheim the Eclecticist (level 14, -2/76 HPs)
             Began as a Deep Elf Wizard on June 24, 2018.
             Was a High Priest of Vehumet.
             Engulfed by a cloud of flame (17 damage)
             ... in a volcano on June 25, 2018.
             The game lasted 01:27:09 (31693 turns).

Klosterheim the Eclecticist (Deep Elf Wizard)      Turns: 31693, Time: 01:27:10

Health: -2/76      AC:  8    Str:  4    XL:     14   Next: 28%
Magic:  0/47       EV: 19    Int: 34    God:    Vehumet [*****.]
Gold:   1223       SH:  0    Dex: 13    Spells: 13/49 levels left

rFire    . . .     SeeInvis .   N - staff of cold
rCold    + + .     Gourm    .   (no shield)
rNeg     . . .     Faith    .   G - +1 robe {rC+}
rPois    .         Spirit   +   b - +1 hat
rElec    .         Reflect  .   O - +0 cloak
rCorr    .         Harm     .   F - +1 pair of gloves {archery}
MR       +....                  u - +0 pair of boots
Stlth    ++++......             p - amulet of guardian spirit
HPRegen  0.22/turn              r - ring of magical power
MPRegen  0.30/turn              Q - +5 ring of intelligence

@: no status effects
A: no striking features
a: Renounce Religion


You were in a volcano.
You worshipped Vehumet.
Vehumet was extremely pleased with you.
You were hungry.

You visited 4 branches of the dungeon, and saw 19 of its levels.
You also visited: Ossuary and Volcano.

You collected 1223 gold pieces.

Inventory:

Hand Weapons
 B - a +2 dagger of venom
Missiles
 q - 2 throwing nets (quivered)
Armour
 b - a +1 hat (worn)
 u - a +0 pair of boots (worn)
 F - a +1 pair of gloves of archery (worn)
 G - a +1 robe of cold resistance (worn)
 O - a +0 cloak (worn)
Magical Staves
 N - an uncursed staff of cold (weapon)
Jewellery
 h - a +6 ring of dexterity
 k - an uncursed amulet of the gourmand
 p - an amulet of guardian spirit (around neck)
 r - a ring of magical power (left hand)
 t - an uncursed ring of protection from fire
 L - an uncursed ring of resist corrosion
 Q - a +5 ring of intelligence (right hand)
 S - an uncursed amulet of magic regeneration
 T - an uncursed amulet of the acrobat
Wands
 e - a wand of random effects (30)
 v - a wand of digging (19)
 w - a wand of iceblast (7)
 K - a wand of acid (21)
 P - a wand of flame (28)
Scrolls
 i - 4 scrolls of remove curse
 s - a scroll of fog
 x - a scroll of amnesia
 y - 5 scrolls of teleportation
 C - 3 scrolls of immolation
 H - 4 scrolls of enchant armour
 I - 3 scrolls of vulnerability
 M - 3 scrolls of enchant weapon
Potions
 c - 2 potions of magic
 f - a potion of cancellation
 g - 3 potions of haste
 j - 5 potions of resistance
 l - 3 potions of mutation
 m - 9 potions of curing
 n - 2 potions of agility
 o - 4 potions of brilliance
 z - 2 potions of heal wounds
 D - 4 potions of flight
 E - 4 potions of lignification
 J - a potion of ambrosia
 R - 3 potions of berserk rage
Miscellaneous
 U - a phial of floods
Comestibles
 d - 18 rations


   Skills:
 - Level 4.0 Fighting
 + Level 12.1 Dodging
 - Level 10.0 Stealth
 - Level 18.0 Spellcasting
 - Level 10.0 Conjurations
 - Level 6.1 Hexes
 - Level 4.0 Summonings
 - Level 5.0 Necromancy
 - Level 1.1 Translocations
 + Level 11.9 Ice Magic


You had 13 spell levels left.
You knew the following spells:

 Your Spells              Type           Power        Failure   Level  Hunger
a - Magic Dart            Conj           ####         0%          1    None
b - Call Imp              Summ           ######..     1%          2    None
c - Blink                 Tloc           N/A          1%          2    None
d - Conjure Flame         Conj/Fire      ######..     1%          3    None
e - Mephitic Cloud        Conj/Pois/Air  ######..     1%          3    None
f - Vampiric Draining     Necr           ######....   1%          3    None
g - Animate Dead          Necr           N/A          1%          4    None
h - Summon Mana Viper     Hex/Summ       ######..     4%          5    None
i - Ozocubu's Refrigerat  Ice            ########..   1%          6    None
j - Orb of Destruction    Conj           #######...   4%          7    ###....

Your spell library contained the following spells:

 Spells                   Type           Power        Failure   Level  Hunger
 Slow                     Hex            ######..     1%          2    None
 Pain                     Necr           ####         1%          1    None
 Animate Skeleton         Necr           N/A          1%          1    None
 Summon Ice Beast         Ice/Summ       #######.     1%          4    None
 Regeneration             Chrm/Necr      #####.....   1%          3    None
 Summon Demon             Summ           ######....   6%          5    None
 Recall                   Summ/Tloc      N/A          1%          3    None
 Shadow Creatures         Summ           N/A          34%         6    None
 Call Canine Familiar     Summ           ######..     1%          3    None
 Summon Butterflies       Summ           ######..     1%          1    None
 Summon Hydra             Summ           ######....   88%         7    ###....
 Aura of Abjuration       Summ           ######....   6%          5    None
 Summon Forest            Summ/Tloc      #####.....   12%         5    None


Dungeon Overview and Level Annotations

Branches:
Dungeon (11/15)            Temple (1/1) D:4            Lair (6/6) D:11
 Shoals (0/4) Lair:4        Snake (0/4) Lair:2        Slime (0/5) Lair:6
    Orc (1/2) D:11

Altars:
Cheibriados
Dithmenos
Fedhas
Makhleb
Nemelex Xobeh
Okawaru
Ru
Sif Muna
Uskayaw
Vehumet
Wu Jian
Yredelemnul
Zin
The Shining One

Shops:
D:5 }   D:8 }


Message History

All of the chunks of flesh in your inventory have rotted away.
Magic restored.
You start resting.
You are engulfed in blazing flames.
You are engulfed in blazing flames.
You are engulfed in blazing flames.
You start resting.
You are feeling hungry.
You start resting.
Magic restored.
You start resting.
You are engulfed in blazing flames.
You are engulfed in blazing flames.
You are engulfed in blazing flames.
You are engulfed in blazing flames.
* * * LOW HITPOINT WARNING * * *
You are engulfed in blazing flames.
* * * LOW HITPOINT WARNING * * *
You are engulfed in blazing flames.
You die...

≈ .. ≈..
§≈..
§≈...
≈≈.§..###
.§§..∩.@#
....#####
.


There were no monsters in sight!

Vanquished Creatures
  Snorg (D:11)
  Fannar (Lair:3)
  7 hydras
  6 two-headed ogres
  Urug (D:10)
  A cyclops (Orc:1)
  Joseph (D:9)
  3 black mambas
  10 elephants
  17 spiny frogs
  4 komodo dragons
  A rime drake (Lair:5)
  A polar bear (Lair:6)
  2 trolls (Orc:1)
  3 tyrant leeches (Lair:6)
  2 slime creatures (Lair:6)
  A dream sheep (Lair:4)
  28 blink frogs
  7 hippogriffs
  Sigmund (D:4)
  36 yaks
  3 wyverns
  A wraith (D:10)
  A basilisk (Lair:6)
  5 vampire mosquitoes (Lair:6)
  A hungry ghost (D:10)
  9 water moccasins
  2 nagas (Lair:2)
  5 porcupines
  3 ice beasts
  8 orc warriors
  5 sky beasts
  An eye of draining (D:9)
  A black bear (D:7)
  3 phantoms
  5 centaurs
  7 wolves
  5 ogres
  A necrophage (D:5)
  5 crocodiles
  2 elf zombies (Ossuary)
  19 bullfrogs
  A wyvern zombie (D:8)
  3 scorpions
  7 jellies
  8 wights
  3 electric eels
  3 howler monkeys
  2 bullfrog zombies
  3 crimson imps
  3 human zombies
  4 bullfrog skeletons
  7 orc priests
  3 hounds
  7 worker ants
  7 hell rats (Lair:6)
  2 iguanas
  11 orc wizards
  2 human skeletons (D:6)
  A big kobold zombie (Ossuary)
  A hound zombie (D:8)
  A howler monkey zombie (D:8)
  2 mummies (Ossuary)
  4 gnolls
  A howler monkey skeleton (D:10)
  8 adders
  2 shadow imps
  2 oozes
  An adder zombie (Ossuary)
  2 dart slugs
  4 leopard geckos
  44 orcs
  10 bats
  6 giant cockroaches
  8 goblins
  5 hobgoblins
  4 quokkas
  6 frilled lizards
  A goblin zombie (Ossuary)
  8 hobgoblin zombies (Ossuary)
  3 jackal zombies (Ossuary)
  8 kobolds
  10 kobold zombies (Ossuary)
  5 orc zombies (Ossuary)
  A quokka skeleton (D:7)
  A quokka zombie (D:7)
  9 rats
  17 fungi
  54 plants
531 creatures vanquished.

Vanquished Creatures (collateral kills)
  Josephine (D:10)
  A hydra (D:11)
  Harold (D:11)
  Erica (D:11)
  A black mamba (Lair:1)
  3 elephants
  2 gargoyles
  7 spiny frogs
  2 komodo dragons
  A rime drake (Lair:5)
  2 polar bears
  A troll (D:10)
  A tyrant leech (Lair:6)
  6 blink frogs
  A snapping turtle (Lair:4)
  3 wraiths (D:10)
  8 yaks
  A vampire mosquito (Lair:6)
  A hungry ghost (D:10)
  3 porcupines
  4 water moccasins
  2 orc warriors
  2 centaurs
  7 wolves
  An elf zombie (D:6)
  A bullfrog (Lair:6)
  4 wights (D:11)
  An electric eel (Lair:2)
  3 human zombies
  A quasit (D:10)
  2 bullfrog zombies
  2 jellies
  4 orc priests
  5 orc wizards
  An adder (D:11)
  13 orcs
  A hobgoblin zombie (Ossuary)
  A kobold zombie (Ossuary)
102 creatures vanquished.

Vanquished Creatures (others)
  5 fungi
  33 plants
38 creatures vanquished.

Grand Total: 671 creatures vanquished

Notes
Turn   | Place    | Note
-------+----------+-------------------------------------------
     0 | D:1      | Klosterheim the Deep Elf Wizard began the quest for the Orb.
     0 | D:1      | Reached XP level 1. HP: 10/10 MP: 7/7
   201 | D:1      | Reached XP level 2. HP: 15/15 MP: 3/9
   549 | D:1      | Reached skill level 5 in Spellcasting
  1049 | D:1      | Reached XP level 3. HP: 19/19 MP: 9/11
  1068 | D:1      | Learned a level 2 spell: Call Imp
  1071 | D:1      | Learned a level 2 spell: Blink
  1183 | D:1      | Learned a level 3 spell: Conjure Flame
  1187 | D:1      | Learned a level 3 spell: Mephitic Cloud
  1964 | D:2      | Reached XP level 4. HP: 24/24 MP: 10/13
  2458 | D:3      | Noticed an ogre
  2480 | D:3      | Killed an ogre
  2480 | D:3      | Reached skill level 6 in Spellcasting
  2480 | D:3      | Reached XP level 5. HP: 28/28 MP: 12/15
  3385 | D:3      | Reached skill level 7 in Spellcasting
  3390 | D:3      | Reached XP level 6. HP: 32/32 MP: 18/18
  3424 | D:3      | Found a blossoming altar of Fedhas.
  3618 | D:4      | Noticed Sigmund
  3634 | D:4      | Killed Sigmund
  3634 | D:4      | Reached skill level 5 in Conjurations
  3835 | D:4      | Found a glowing silver altar of Zin.
  3835 | D:4      | Found a deep blue altar of Sif Muna.
  3837 | D:4      | Found a blossoming altar of Fedhas.
  3838 | D:4      | Found a shadowy altar of Dithmenos.
  3838 | D:4      | Found a burning altar of Makhleb.
  3839 | D:4      | Found a sacrificial altar of Ru.
  3873 | D:4      | Found a glowing golden altar of the Shining One.
  3919 | D:4      | Reached skill level 1 in Fighting
  3919 | D:4      | Reached XP level 7. HP: 28/38 MP: 8/20
  4221 | D:4      | Found a staircase to the Ecumenical Temple.
  4227 | Temple   | Entered the Ecumenical Temple
  4237 | Temple   | Became a worshipper of Vehumet
  4331 | D:5      | Entered Level 5 of the Dungeon
  4708 | D:5      | Reached skill level 8 in Spellcasting
  4730 | D:4      | Learned a level 3 spell: Vampiric Draining
  4981 | D:5      | Found Dymm's Gadget Shoppe.
  5215 | D:5      | Reached skill level 5 in Dodging
  5257 | D:5      | Reached XP level 8. HP: 36/46 MP: 2/22
  5495 | D:5      | Reached skill level 9 in Spellcasting
  6195 | D:6      | Reached skill level 10 in Spellcasting
  6261 | D:6      | Found a sand-covered staircase.
  6322 | Ossuary  | Entered an ossuary
  6351 | Ossuary  | Reached * piety under Vehumet
  6351 | Ossuary  | Offered knowledge of Sandblast by Vehumet.
  6981 | Ossuary  | Reached ** piety under Vehumet
  6981 | Ossuary  | Offered knowledge of Throw Frost by Vehumet.
  7111 | Ossuary  | Reached skill level 11 in Spellcasting
  8137 | D:6      | Reached skill level 12 in Spellcasting
  8451 | D:7      | Reached XP level 9. HP: 39/51 MP: 25/27
  9219 | D:6      | Reached skill level 13 in Spellcasting
  9539 | D:7      | Offered knowledge of Static Discharge by Vehumet.
 10168 | D:8      | Noticed a two-headed ogre
 10201 | D:8      | Noticed a two-headed ogre
 10396 | D:7      | Killed a two-headed ogre
 10396 | D:7      | Reached skill level 15 in Spellcasting
 10491 | D:7      | Learned a level 4 spell: Animate Dead
 10552 | D:7      | Killed a two-headed ogre
 10552 | D:7      | Reached XP level 10. HP: 55/56 MP: 7/31
 10576 | D:7      | Reached *** piety under Vehumet
 10823 | D:8      | Reached skill level 16 in Spellcasting
 10832 | D:8      | Noticed a two-headed ogre
 11192 | D:8      | Noticed a two-headed ogre
 11235 | D:8      | Killed a two-headed ogre
 11235 | D:8      | Reached skill level 1 in Necromancy
 11345 | D:8      | Killed a two-headed ogre
 11526 | D:8      | Found Sutusyli's Gadget Boutique.
 11539 | D:8      | Noticed a two-headed ogre
 11566 | D:8      | Offered knowledge of Ignite Poison by Vehumet.
 11677 | D:8      | Killed a two-headed ogre
 11677 | D:8      | Reached skill level 5 in Stealth
 12000 | D:9      | Noticed Joseph
 12397 | D:9      | Noticed a two-headed ogre
 12406 | D:9      | Killed a two-headed ogre
 12539 | D:9      | Reached XP level 11. HP: 56/61 MP: 33/33
 12555 | D:9      | Learned a level 5 spell: Summon Mana Viper
 12757 | D:9      | Killed Joseph
 12757 | D:9      | Reached skill level 1 in Hexes
 12925 | D:9      | Reached **** piety under Vehumet
 13252 | D:9      | Offered knowledge of Airstrike by Vehumet.
 14200 | D:10     | Entered Level 10 of the Dungeon
 14207 | D:10     | Reached skill level 5 in Necromancy
 15272 | D:10     | Noticed Urug
 15288 | D:10     | Killed Urug
 15564 | D:10     | Noticed Josephine
 15621 | D:10     | Killed Josephine
 16253 | D:11     | Reached ***** piety under Vehumet
 16269 | D:11     | Offered knowledge of Ozocubu's Refrigeration by Vehumet.
 16293 | D:11     | Noticed Erica
 16311 | D:11     | Killed Erica
 16599 | D:11     | Noticed Snorg
 16859 | D:11     | Reached skill level 5 in Hexes
 17088 | D:11     | Noticed Harold
 17094 | D:11     | Killed Harold
 17318 | D:11     | Found a staircase to the Orcish Mines.
 17418 | D:11     | Killed Snorg
 17558 | D:11     | Learned a level 6 spell: Ozocubu's Refrigeration
 17603 | D:11     | Noticed a four-headed hydra
 17609 | D:11     | Killed a four-headed hydra
 17863 | D:11     | Reached skill level 1 in Ice Magic
 17863 | D:11     | Reached XP level 12. HP: 66/66 MP: 31/34
 17924 | D:11     | Found a staircase to the Lair.
 17939 | Lair:1   | Entered Level 1 of the Lair of Beasts
 17949 | Lair:1   | Reached skill level 17 in Spellcasting
 18838 | Lair:1   | Noticed a four-headed hydra
 18846 | Lair:1   | Killed a four-headed hydra
 18846 | Lair:1   | Reached skill level 10 in Dodging
 20016 | Lair:2   | Reached skill level 10 in Stealth
 20345 | Lair:2   | Reached skill level 5 in Ice Magic
 21024 | Lair:2   | Found a staircase to the Snake Pit.
 22466 | Lair:3   | Noticed Fannar
 22667 | Lair:3   | Killed Fannar
 23167 | Lair:3   | HP: 3/66 [poisoned by a spiny frog]
 23173 | Lair:3   | HP: 3/66 [poisoned by a spiny frog]
 23181 | Lair:3   | HP: 2/66 [poisoned by a spiny frog]
 23981 | Lair:4   | Noticed a six-headed hydra
 23982 | Lair:4   | Noticed a six-headed hydra
 24002 | Lair:4   | Killed a six-headed hydra
 24002 | Lair:4   | Reached skill level 10 in Ice Magic
 24006 | Lair:4   | Killed a six-headed hydra
 24006 | Lair:4   | Reached XP level 13. HP: 28/70 MP: 6/36
 24745 | Lair:4   | Found a staircase to the Shoals.
 25244 | Lair:4   | Offered knowledge of Orb of Destruction by Vehumet.
 25253 | Lair:4   | Learned a level 7 spell: Orb of Destruction
 27801 | Lair:6   | Entered Level 6 of the Lair of Beasts
 28946 | Lair:5   | Reached XP level 14. HP: 31/76 MP: 3/37
 29260 | Lair:6   | Reached skill level 18 in Spellcasting
 30288 | Lair:6   | Found a staircase to the Slime Pits.
 31023 | Lair:6   | Upgraded the game from 0.22-a0-542-gce4f928 to 0.22-a0-553-g9358b0b
 31179 | Orc:1    | Entered Level 1 of the Orcish Mines
 31320 | Orc:1    | Reached skill level 10 in Conjurations
 31391 | Orc:1    | Found a dark tunnel.
 31488 | Volcano  | Entered a volcano
 31693 | Volcano  | Engulfed by a cloud of flame

Vault maps used:
D:1:      erik_arrival_cave_to_civilisation
D:2:      first_ration, st_stairs_12
D:3:      fedhas_altar_fruit_tree
D:4:      grunt_temple_overflow_open, nicolae_tso_carved_into_rock,
          minmay_temple_entry_hall, serial_curves, eino_curves_01,
          eino_curves_03, eino_curves_01, uniq_sigmund
D:5:      serial_shops, nicolae_shop_waterfront, dk_noncrumbling_3
D:6:      nicolae_ossuary_entry_catacombs
D:8:      serial_shops, shop
D:9:      uniq_joseph
D:10:     uniq_urug, uniq_josephine
D:11:     david_lair_shrubbed, hiddenorc1_lemuel, uniq_erica, uniq_snorg,
          uniq_harold
Temple:   eino_wide_crystal_templ
Lair:1:   minivault_19, grunt_megastairs_5
Lair:2:   guppyfry_snake_entry_garden, grunt_megastairs_3, serial_bayou_shore_b,
          serial_bayou_shore_a
Lair:3:   uniq_fannar
Lair:4:   minmay_shoals_entry_hut, hangedman_lair_generics_rect
Lair:5:   st_stairs_3, serial_bayou_pond_c, grunt_megastairs_2,
          infiniplex_staircase_pool
Lair:6:   minmay_lair_end_frog_pond, minmay_slime_entry_pillars
Orc:1:    nicolae_volcano_entry_two_sided, minmay_orc_treasury
Ossuary:  ossuary_tomb_1
Volcano:  volcano_lake

Skill      XL: |  1  2  3  4  5  6  7  8  9 10 11 12 13 14 |
---------------+-------------------------------------------+-----
Conjurations   | 2 3 4 5 8 10 | 10.0
Spellcasting   | 5 6 7 8 12 15 16 17 18 | 18.0
Fighting       | 1 3 4 |  4.0
Dodging        | 3 5 7 9 10 11 12 | 12.1
Stealth        | 5 8 10 | 10.0
Necromancy     | 4 5 |  5.0
Hexes          | 6 |  6.1
Summonings     | 4 |  4.0
Ice Magic      | 1 10 11 | 11.9
Translocations | |  1.1

Action                   |  1- 3 |  4- 6 |  7- 9 | 10-12 | 13-15 || total
-------------------------+-------+-------+-------+-------+-------++-------
Melee: Unarmed           |     9 |       |       |       |       ||     9
       Dagger            |       |     3 |   362 |   269 |       ||   634
       Staff             |       |       |       |    25 |   116 ||   141
 Cast: Magic Dart        |    94 |    90 |   398 |   779 |   179 ||  1540
       Call Imp          |       |    11 |    32 |    19 |       ||    62
       Blink             |       |     1 |     9 |    12 |     8 ||    30
       Vampiric Draining |       |       |     6 |    33 |     5 ||    44
       Conjure Flame     |       |       |     5 |    19 |       ||    24
       Mephitic Cloud    |       |       |     1 |     4 |       ||     5
       Animate Dead      |       |       |       |    16 |     2 ||    18
       Summon Mana Viper |       |       |       |    49 |    13 ||    62
       Ozocubu's Refrige |       |       |       |    18 |    80 ||    98
       Orb of Destructio |       |       |       |       |    43 ||    43
Evoke: Wand              |       |       |       |     1 |     3 ||     4
  Use: Potion            |       |     1 |       |     2 |     2 ||     5
       Scroll            |       |     8 |     5 |     9 |     7 ||    29
 Stab: Distracted        |       |       |     3 |     4 |       ||     7
       Sleeping          |       |       |     2 |     4 |     1 ||     7
  Eat: Chunk             |     3 |     6 |     9 |    33 |    21 ||    72
       Ration            |       |       |     3 |     3 |     3 ||     9
Armor: Robe              |     3 |     2 |    74 |    83 |    29 ||   191
Dodge: Dodged            |    16 |    18 |   428 |   678 |   241 ||  1381

Table legend:
 A = Spawn XP
 B = Non-spawn XP
 C = Spawn XP percentage of total XP
 D = Spawn monster count
 E = Non-spawn monster count
 F = Spawn count percentage of total count
 G = Total turns spent on level
                    A         B        C        D         E        F      G
               +---------+---------+-------+---------+---------+-------+---------
         Total |       0 |   75401 |   0.0 |       0 |     562 |   0.0 | 31693
               +---------+---------+-------+---------+---------+-------+---------
           D:1 |       0 |      50 |   0.0 |       0 |      29 |   0.0 |  1539
           D:2 |       0 |      53 |   0.0 |       0 |      16 |   0.0 |   879
           D:3 |       0 |     300 |   0.0 |       0 |      25 |   0.0 |  1200
           D:4 |       0 |     479 |   0.0 |       0 |       8 |   0.0 |  1123
           D:5 |       0 |     901 |   0.0 |       0 |      21 |   0.0 |  1416
           D:6 |       0 |     792 |   0.0 |       0 |      21 |   0.0 |  2055
           D:7 |       0 |    3203 |   0.0 |       0 |      29 |   0.0 |  1582
           D:8 |       0 |    3624 |   0.0 |       0 |      24 |   0.0 |  1600
           D:9 |       0 |    2758 |   0.0 |       0 |      28 |   0.0 |  1803
          D:10 |       0 |    4200 |   0.0 |       0 |      38 |   0.0 |  2209
          D:11 |       0 |    5325 |   0.0 |       0 |      45 |   0.0 |  1679
        Lair:1 |       0 |    4664 |   0.0 |       0 |      22 |   0.0 |  1940
        Lair:2 |       0 |    5148 |   0.0 |       0 |      27 |   0.0 |  2041
        Lair:3 |       0 |    4063 |   0.0 |       0 |      20 |   0.0 |  1676
        Lair:4 |       0 |    7088 |   0.0 |       0 |      26 |   0.0 |  2082
        Lair:5 |       0 |   10857 |   0.0 |       0 |      38 |   0.0 |  3299
        Lair:6 |       0 |   19445 |   0.0 |       0 |      86 |   0.0 |  1832
         Orc:1 |       0 |    2110 |   0.0 |       0 |      21 |   0.0 |   309
       Ossuary |       0 |     341 |   0.0 |       0 |      38 |   0.0 |  1201
               +---------+---------+-------+---------+---------+-------+---------
